 Dungeon Crawl Stone Soup version 0.26-a0-597-gb535b0901c (webtiles) character file.

Game seed: 12413406794969838904

(classic levelgen) 9361 EnegeticOcto the Cleaver (level 11, -1/100 HPs)
             Began as a Deep Dwarf Fighter on Sept 9, 2020.
             Was a High Priest of Makhleb.
             Killed from afar by an oklob plant (14 damage)
             ... with a splash of acid
             ... on level 11 of the Dungeon.
             The game lasted 00:04:31 (6654 turns).

EnegeticOcto the Cleaver (Deep Dwarf Fighter)       Turns: 6654, Time: 00:04:32

Health: -1/100     AC:  5    Str: 23    XL:     11   Next: 22%
Magic:  8/8        EV:  7    Int:  5    God:    Makhleb [*****.]
Gold:   648        SH: 11    Dex: 12    Spells: 10/10 levels left

rFire    . . .     SeeInvis .   a - +1 war axe
rCold    . . .     Faith    .   c - +0 kite shield
rNeg     . . .     Spirit   .   x - +0 chain mail "Boidit" {Rampage MR++}
rPois    .         Reflect  .   (no helmet)
rElec    .         Harm     .   r - scarf {repulsion}
rCorr    .                      (no gloves)
MR       +++..                  v - +1 pair of boots {run}
Stlth    ..........             (no amulet)
HPRegen  0.00/turn              m - -4 ring of intelligence (curse)
MPRegen  0.11/turn              (no ring)

@: corroded, non-regenerating, repel missiles, quick
A: damage resistance, heal wounds, sense surroundings 2, no regeneration
a: Heal Wounds, Minor Destruction, Lesser Servant of Makhleb, Major Destruction,
Greater Servant of Makhleb, Renounce Religion


You were on level 11 of the Dungeon.
You worshipped Makhleb.
Makhleb was extremely pleased with you.
You visited 2 branches of the dungeon, and saw 12 of its levels.

You collected 648 gold pieces.

Inventory:

Hand Weapons
 a - a +1 war axe (weapon)
Missiles
 y - a throwing net (quivered)
Armour
 b - a +0 scale mail
 c - a +0 kite shield (worn)
 j - a +1 pair of boots
 n - a +0 chain mail
 r - a scarf of repulsion (worn)
 v - a +1 pair of boots of running (worn)
 x - the +0 chain mail "Boidit" (worn) {Rampage MR++}
   (You found it on level 6 of the Dungeon)

   It affects your resistance to hostile enchantments.
   It bestows one free step when moving towards enemies.
Jewellery
 m - a cursed -4 ring of intelligence (left hand)
Wands
 q - a wand of digging (8) {@v3}
 D - a wand of acid (9) {@v1}
 E - a wand of iceblast (4) {@v2}
Scrolls
 g - a scroll of immolation {@r4}
 h - 3 scrolls of remove curse {@r2}
 l - 6 scrolls of teleportation {@r3}
 C - a scroll of magic mapping {@r5}
Potions
 d - 5 potions of might {@q3}
 e - a potion of ambrosia
 f - 2 potions of berserk rage
 i - 6 potions of curing {@q1}
 o - 2 potions of lignification {@q7}
 p - a potion of magic
 s - 4 potions of heal wounds {@q2}
 u - 3 potions of degeneration {unknown}
 z - 2 potions of stabbing {unknown}
 A - a potion of haste {unknown}
 B - a potion of flight {unknown}


   Skills:
 + Level 7.3 Fighting
 * Level 11.5 Axes
 + Level 8.7 Armour
 + Level 8.8 Shields
 + Level 8.1 Invocations


You had 10 spell levels left.
You didn't know any spells.
Your spell library was empty.

Dungeon Overview and Level Annotations

Branches:
Dungeon (11/15)            Temple (1/1) D:5            Lair (0/6) D:9
    Orc: D:9-12

Altars:
Dithmenos
Makhleb
Uskayaw
Vehumet
Wu Jian
Xom

Shops:
D:8 (

Annotations:
D:6 1 runed translucent door, harkrass's ghost, amateur MiFi
D:11 exclusion: oklob plant


Innate Abilities, Weirdness & Mutations

You are resistant to damage.
You can heal yourself by infusing magical energy.
You passively map the area around you.
You do not regenerate.


Message History

You closely miss the troll.
The troll is moderately wounded.
You block the troll's attack. The troll completely misses you.
You block the troll's attack.
You barely miss the troll.
The troll is moderately wounded.
You block the troll's attack. The troll claws you.
The troll claws you but does no damage.
You hit the troll but do no damage.
The troll is moderately wounded.
The troll bites you but does no damage.
The troll claws you but does no damage. x2
A troll is nearby!
A troll is nearby!
A troll is nearby!
A troll is nearby!
You barely miss the troll.
The troll is moderately wounded.
The troll barely misses you. You block the troll's attack. The troll claws you.
You slice the troll!!
The troll is almost dead.
You block the troll's attack.
The troll claws you but does no damage. x2
You hit the troll.
The troll is almost dead.
You block the troll's attack. The troll barely misses you.
You block the troll's attack.
You closely miss the troll.
The troll is almost dead.
The troll bites you! The troll claws you. You block the troll's attack.
You slash the troll!
You kill the troll!
Makhleb accepts your kill.
You now have 648 gold pieces (gained 11).
Found 19 stones.
You see here 19 stones.
You open the door.
There is an open door here.
Found a falchion.
An oklob plant comes into view.
Marking area around an oklob plant as unsafe for travelling.
An oklob plant is nearby!
The oklob plant spits acid at you. The splash of acid hits you!
You are splashed with acid!
You rampage towards the oklob plant!
The oklob plant spits acid at you.
The splash of acid is repelled.
Found an escape hatch in the ceiling.
Found a stone staircase leading up.
You hit the oklob plant.
The oklob plant is lightly damaged.
The oklob plant spits acid at you. The splash of acid hits you.
You are splashed with acid!
You are too injured to fight recklessly!
You are too injured to fight recklessly!
You are too injured to fight recklessly!
You are too injured to fight recklessly!
You are too injured to fight recklessly!
You are too injured to fight recklessly!
You are too injured to fight recklessly!
You are too injured to fight recklessly!
You are too injured to fight recklessly!
You are too injured to fight recklessly!
You are too injured to fight recklessly!
You are too injured to fight recklessly!
You are too injured to fight recklessly!
You are too injured to fight recklessly!
You are too injured to fight recklessly!
You are too injured to fight recklessly!
You are too injured to fight recklessly!
You are too injured to fight recklessly!
You are too injured to fight recklessly!
You are too injured to fight recklessly!
You feel much better. The oklob plant spits acid at you.
The splash of acid hits you.
You are splashed with acid!
You hit the oklob plant but do no damage.
The oklob plant is lightly damaged.
You hit the oklob plant.
The oklob plant is lightly damaged.
You slash the oklob plant!
The oklob plant is moderately damaged.
You hit the oklob plant.
The oklob plant is moderately damaged.
You hit the oklob plant but do no damage.
The oklob plant is moderately damaged.
The oklob plant spits acid at you. The splash of acid hits you!
* * * LOW HITPOINT WARNING * * *
The acid corrodes you!
You are splashed with acid!
* * * LOW HITPOINT WARNING * * *
You hit the oklob plant.
The oklob plant is heavily damaged.
You hit the oklob plant.
The oklob plant is heavily damaged.
The oklob plant spits acid at you. The splash of acid hits you.
The acid corrodes you!
You are splashed with acid!
* * * LOW HITPOINT WARNING * * *
You hit the oklob plant but do no damage.
The oklob plant is heavily damaged.
The oklob plant spits acid at you. The splash of acid hits you!
You die...

.....# #.. * , .###.# *
...# #.<.# .# .# #.#
....##...####.#* .# #.#
.............. , .#
#.#* .........#..#, * *
.# #.. .............#
*, .#
##**#............#<. ,*
.# ##......P....... ,
.########...#...@...#
......##.....###)####
*** .####.#.......##.#
, , ..###............#
* * *
...............+.......
,
..####.........####...#
, .....##.......## .##
, #.##.###.....## * ,
*, #.##.# ##...## ** ,


You could see an oklob plant.

Vanquished Creatures
  A two-headed ogre (D:9)
  An unseen horror (D:10)
  3 trolls
  2 hornets (D:8)
  A hippogriff (D:9)
  Sigmund (D:4)
  8 yaks (D:9)
  Duvessa (D:4)
  5 orc warriors
  3 ice beasts
  3 sky beasts
  A phantom (D:10)
  6 ogres
  A necrophage (D:10)
  4 centaurs
  6 bullfrogs
  A gnoll sergeant (D:8)
  Dowan (D:4)
  A water moccasin zombie (D:6)
  6 killer bees (D:7)
  5 scorpions
  4 electric eels (D:9)
  9 wights
  A howler monkey (D:6)
  A centaur zombie (D:7)
  3 bullfrog zombies
  A centaur skeleton (D:6)
  2 jellies (D:5)
  8 orc priests
  5 bullfrog skeletons
  A gnoll shaman (D:6)
  6 hounds
  14 orc wizards
  Ijyb (D:4)
  3 iguanas
  9 worker ants
  A killer bee zombie (D:9)
  3 hound zombies
  2 hound skeletons
  4 worker ant zombies
  11 gnolls
  4 adders
  2 shadow imps
  3 white imps
  An ufetubus (D:7)
  4 adder zombies
  3 worms
  A dart slug (D:2)
  2 leopard geckos
  33 orcs
  3 giant cockroaches
  2 goblins (D:1)
  5 hobgoblins
  17 jackals
  5 quokkas
  2 ball pythons
  2 frilled lizards
  A giant cockroach zombie (D:6)
  A jackal skeleton (D:6)
  2 kobolds (D:3)
  3 leopard gecko zombies (D:6)
  A quokka skeleton (D:7)
  2 rats
249 creatures vanquished.

Vanquished Creatures (others)
  2 withered plants (D:6)
2 creatures vanquished.

Grand Total: 251 creatures vanquished

Notes
Turn   | Place    | Note
-------+----------+-------------------------------------------
     0 | D:1      | EnegeticOcto the Deep Dwarf Fighter began the quest for the
                  | Orb.
     0 | D:1      | Reached XP level 1. HP: 20/20 MP: 1/1
   208 | D:1      | Reached XP level 2. HP: 22/27 MP: 2/2
   448 | D:3      | Found a shimmering altar of Xom.
   462 | D:3      | Reached skill level 3 in Axes
   462 | D:3      | Reached XP level 3. HP: 18/33 MP: 3/3
   502 | D:4      | Noticed Sigmund
   502 | D:4      | Noticed an ogre
   511 | D:4      | Killed an ogre
   511 | D:4      | Reached XP level 4. HP: 21/42 MP: 4/4
   514 | D:4      | Reached skill level 4 in Axes
   514 | D:4      | Reached XP level 5. HP: 49/49 MP: 5/5
   519 | D:4      | Killed Sigmund
   519 | D:4      | Reached XP level 6. HP: 53/57 MP: 6/6
   609 | D:4      | Reached skill level 5 in Axes
   693 | D:4      | Noticed Ijyb
   704 | D:4      | Paralysed by Ijyb for 3 turns
   711 | D:4      | Killed Ijyb
   927 | D:4      | Found a radiant altar of Vehumet.
   927 | D:4      | Found a shadowy altar of Dithmenos.
   928 | D:4      | Found an ornate altar of the Wu Jian Council.
   977 | D:4      | Noticed Dowan
   978 | D:4      | Noticed Duvessa
   993 | D:4      | Killed Duvessa
   993 | D:4      | Reached XP level 7. HP: 31/64 MP: 7/7
   995 | D:4      | Killed Dowan
   995 | D:4      | Reached skill level 5 in Armour
  1075 | D:5      | Entered Level 5 of the Dungeon
  1090 | D:5      | Found a staircase to the Ecumenical Temple.
  1097 | D:5      | Reached skill level 5 in Shields
  1109 | D:5      | Reached skill level 6 in Axes
  1114 | Temple   | Entered the Ecumenical Temple
  1120 | Temple   | Became a worshipper of Makhleb the Destroyer
  1271 | D:5      | Reached skill level 1 in Invocations
  1372 | D:5      | Found a hide-covered altar of Uskayaw.
  1464 | D:5      | Reached XP level 8. HP: 48/73 MP: 8/8
  1792 | D:6      | Reached * piety under Makhleb
  1816 | D:6      | Reached skill level 7 in Axes
  1909 | D:6      | Reached skill level 5 in Fighting
  1969 | D:6      | Got a shimmering chain mail
  1979 | D:6      | Identified the cursed +0 chain mail "Boidit" {Rampage MR++}
                  | (You found it on level 6 of the Dungeon)
  1996 | D:6      | Reached skill level 8 in Axes
  2149 | D:6      | Gained mutation: You passively map the area around you.
                  | [Deep Dwarf growth]
  2149 | D:6      | Reached XP level 9. HP: 55/81 MP: 11/11
  2230 | D:6      | Reached ** piety under Makhleb
  2497 | D:6      | Found a runed translucent door.
  2498 | D:6      | Noticed harkrass's ghost (amateur MiFi)
  2813 | D:7      | Reached skill level 5 in Invocations
  2842 | D:7      | Reached skill level 9 in Axes
  3018 | D:7      | Reached *** piety under Makhleb
  3609 | D:8      | Reached XP level 10. HP: 79/91 MP: 11/11
  3776 | D:8      | Paralysed by a hornet for 3 turns
  3787 | D:8      | Paralysed by a hornet for 1 turns
  3792 | D:8      | Reached skill level 10 in Axes
  3838 | D:8      | Identified a +1 pair of boots of running (You found it on
                  | level 8 of the Dungeon)
  3869 | D:8      | Reached **** piety under Makhleb
  4249 | D:8      | Found Litah's Weapon Boutique.
  5091 | D:9      | Noticed a two-headed ogre
  5092 | D:9      | Found a staircase to the Lair.
  5116 | D:9      | Killed a two-headed ogre
  5116 | D:9      | Reached skill level 11 in Axes
  5149 | D:9      | Reached XP level 11. HP: 64/100 MP: 9/9
  5408 | D:10     | Entered Level 10 of the Dungeon
  5749 | D:10     | Killed an unseen horror
  6472 | D:11     | Reached ***** piety under Makhleb
  6642 | D:11     | Noticed an oklob plant
  6654 | D:11     | Killed from afar by an oklob plant

Illustrated notes

Levels and vault maps discovered:
D:1:      dpeg_arrival_simpleton_a, layout_loops_ring
D:2:      layout_basic, lemuel_zombie_altar_yredelemnul, minmay_tetromino_o2
D:3:      layout_basic, regret_index_temple_of_mockery, elyvilon_altar_4,
          okawaru_gym_becter, minmay_vboxes
D:4:      layout_basic, minitemple, corexii_corridor_pit, uniq_duvessa,
          uniq_ijyb, uniq_sigmund
D:5:      layout_basic, kennysheep_mini, minmay_temple_entry_drinking_statues
D:6:      layout_loops_ring, gammafunk_ghost_grave, serial_undead,
          serial_undead_c, serial_undead_a, serial_undead_d, serial_undead_b,
          serial_undead_d, serial_undead_a, serial_undead_f, serial_undead_d,
          supply_closet_lemuel
D:7:      layout_basic
D:8:      layout_layer_cave, serial_shops, shop_statue, minmay_diced_spiral
D:9:      layout_basic, lair_entry_dummy, minmay_door_square
D:10:     layout_grid_maze
D:11:     layout_loops_corners, dpeg_stationary_puzzle
Temple:   dshaligram_water_room_temple

Skill      XL: |  1  2  3  4  5  6  7  8  9 10 11 |
---------------+----------------------------------+-----
Axes           | 3 4 5 6 8 9 11 | 11.5
Fighting       | 3 4 5 6 7 |  7.3
Armour         | 4 5 6 7 8 |  8.7
Shields        | 4 5 6 7 8 |  8.8
Invocations    | 1 4 6 7 8 |  8.1

Action                   |  1- 3 |  4- 6 |  7- 9 | 10-12 || total
-------------------------+-------+-------+-------+-------++-------
Melee: War axe           |    84 |    64 |   522 |   404 ||  1074
 Abil: Heal Wounds       |     1 |     1 |    15 |    23 ||    40
  Use: Scroll            |       |       |    12 |     2 ||    14
       Potion            |       |       |     1 |       ||     1
Armor: Scale mail        |    21 |       |       |       ||    21
       Chain mail        |    14 |    43 |   292 |   296 ||   645
Dodge: Dodged            |    19 |    13 |   133 |    99 ||   264
       Repelled          |       |       |     5 |     1 ||     6
Block: Kite shield       |    47 |    49 |   327 |   248 ||   671

Table legend: (Time is in decaauts)
 A = Elapsed time spent in this place.
 B = Non-inter-level travel time spent in this place.
 C = Inter-level travel time spent in this place.
 D = Time resting spent in this place.
 E = Time spent auto-exploring this place.
 F = Levels seen in this place.
 G = Mean time per level.
                   A        B        C        D        E       F      G
               +--------+--------+--------+--------+--------+-----+--------+
         Total |   6611 |   6273 |    338 |      0 |   4319 |  12 |  550.9 |
       Dungeon |   6598 |   6265 |    333 |      0 |   4319 |  11 |  599.8 |
        Temple |     12 |      7 |      5 |      0 |      0 |   1 |   12.0 |
               +--------+--------+--------+--------+--------+-----+--------+

Top non-repeatable levels by time:
     D:8: 1284 daAuts
     D:6: 878 daAuts
    D:10: 830 daAuts
     D:7: 789 daAuts
     D:5: 727 daAuts
     D:9: 633 daAuts
     D:4: 601 daAuts
    D:11: 316 daAuts
     D:1: 259 daAuts
     D:3: 155 daAuts
     D:2: 121 daAuts
  Temple: 12 daAuts
